 Dungeon Crawl Stone Soup version 0.27-a0-906-g0a00ce863d (webtiles) character file.

Game seed: 9022859092075473716

0 jestyr24 the Conjurer (level 1, 0/13 HPs)
             Began as a Demonspawn Conjurer on Apr 6, 2021.
             Slain by a jackal (1 damage)
             ... on level 1 of the Dungeon.
             The game lasted 00:00:46 (104 turns).

jestyr24 the Conjurer (Demonspawn Conjurer)          Turns: 104, Time: 00:00:47

Health: 0/13       AC:  2    Str:  7    XL:     1   Next: 8%
Magic:  1/3        EV: 12    Int: 19    God:
Gold:   0          SH:  0    Dex: 11    Spells: 3/4 levels left

rFire    . . .     SeeInvis .   (no weapon)
rCold    . . .     Faith    .   (no shield)
rNeg     . . .     Spirit   .   a - +0 robe
rPois    .         Reflect  .   (no helmet)
rElec    .         Harm     .   (no cloak)
rCorr    .         Rampage  .   (no gloves)
Will     .....                  (no boots)
Stlth    +.........             (no amulet)
HPRegen  0.04/turn              (no ring)
MPRegen  0.08/turn              (no ring)

@: silenced
A: no striking features
a: no special abilities


You were on level 1 of the Dungeon.
You visited 1 branch of the dungeon, and saw 1 of its levels.

Inventory:

Missiles
 c - 18 bolts
 d - 25 arrows
Armour
 a - a +0 robe (worn)


   Skills:
 + Level 1.7 Dodging
 + Level 1.7 Stealth
 + Level 2.0 Spellcasting
 + Level 4.0 Conjurations


You had 3 spell levels left.
You knew the following spells:

 Your Spells              Type           Power      Damage    Failure   Level
a - Magic Dart            Conj           68%        1d6       3%          1

Your spell library contained the following spells:

 Spells                   Type           Power      Damage    Failure   Level
 Searing Ray              Conj           34%        3d4       4%          2
 Dazzling Flash           Conj/Hex       18%        N/A       22%         3
 Fulminant Prism          Conj/Hex       4%         3d6       58%         4
 Iskenderun's Mystic Bla  Conj/Tloc      9%         2d4       58%         4


Dungeon Overview and Level Annotations

Branches:
Dungeon (1/15)

Altars:


Message History

A ball python comes into view.
The magic dart hits the ball python.
You kill the ball python!
Magic restored.
A jackal comes into view.
The jackal barks!
A jackal comes into view.
The magic dart hits the jackal but does no damage.
The magic dart hits the jackal.
The jackal is moderately wounded.
The magic dart hits the jackal.
The jackal is heavily wounded.
You hit the jackal but do no damage.
The jackal is heavily wounded.
The jackal barely misses you.
You are too depleted to draw on your mana recklessly!
The jackal closely misses you. The jackal barely misses you.
The jackal closely misses you.
You barely miss the jackal.
The jackal is moderately wounded.
The jackal bites you. The jackal closely misses you.
You barely miss the jackal.
The jackal is moderately wounded.
The jackal misses you. The jackal barely misses you. The jackal misses you.
The jackal bites you.
You hit the jackal but do no damage.
The jackal is moderately wounded.
The jackal barely misses you.
The jackal bites you but does no damage.
You closely miss the jackal.
The jackal is moderately wounded.
The jackal misses you. The jackal bites you.
You aren't carrying any potions.
Unknown command.
As you read the scroll labelled QESODGH UCKU, it crumbles to dust.
A profound silence engulfs you.
It was a scroll of silence.
The jackal barely misses you. The jackal bites you. x3
* * * LOW HITPOINT WARNING * * *
You closely miss the jackal. The jackal bites you.
You die...

.####...#######.
........# #.. .. ##
####.##.######.# .# ..#
#....# ......#.# .. ##..
#....# #####.#.## #. ...
#....# #....# #.##..#
###.########....## ..#.#
#.......##.....###...###
#######.##..#.@h#......#
#..#..##.h..####....
##....###..## .
..................
...###.##..###...... .
#.#.............
#.....#.##....## #..
............ ..#
#.#.........


You could see 2 jackals.

Vanquished Creatures
  A ball python (D:1)
1 creature vanquished.

Notes
Turn   | Place    | Note
-------+----------+-------------------------------------------
     0 | D:1      | jestyr24 the Demonspawn Conjurer began the quest for the
                  | Orb.
     0 | D:1      | Reached XP level 1. HP: 13/13 MP: 3/3
   104 | D:1      | Slain by a jackal

Illustrated notes

Levels and vault maps discovered:
D:1:      dpeg_arrival_chambers_temple_mockup, layout_rooms,
          kennysheep_nondescript

Action                   || total
-------------------------++-------
Melee: Unarmed           ||     6
 Cast: Magic Dart        ||     4
  Use: Scroll            ||     1
Armor: Robe              ||     1
Dodge: Dodged            ||    11

Table legend: (Time is in decaauts)
 A = Elapsed time spent in this place.
 B = Non-inter-level travel time spent in this place.
 C = Inter-level travel time spent in this place.
 D = Time resting spent in this place.
 E = Time spent auto-exploring this place.
 F = Levels seen in this place.
 G = Mean time per level.
                   A        B        C        D        E       F      G
               +--------+--------+--------+--------+--------+-----+--------+
         Total |    104 |    104 |      0 |      0 |     74 |   1 |  104.0 |
       Dungeon |    104 |    104 |      0 |      0 |     74 |   1 |  104.0 |
               +--------+--------+--------+--------+--------+-----+--------+

Top non-repeatable levels by time:
     D:1: 104 daAuts
